AoeStats
← Generation Kill

Black Forest

508423183Analyzed
4v4 RM · 11d ago on Sep 22, 2026· 27m 57s· 8 players
Game mode
Random Map
Map size
Large (8 player)
Population
200
Speed
Normal
Resources
Standard
Victory
Conquest
Starting age
Dark Age
Ending age
Imperial Age
RankedLock teamsTeams togetherTeam positionsShared explorationLock speedFull tech treeHidden civsTurbo modeCheats
Victory
Defeat
🇸🇬 Burgundians · Singapore
1426
+6
🇪🇸 Turks · Spain
1245
+13
🇮🇳 Persians · India
1217
+14
🇨🇳 Bohemians · China
1029
+20
🇸🇪 Japanese · Sweden
1208
-15
🇩🇪 Hindustanis · Germany
1193
-14
🇩🇪 Italians · Germany
1140
-12
🇮🇩 Persians · Indonesia
1129
-12
nemesis
10:12 Feudal Age
13:36 Castle Age
12:50 Double-Bit Axe
12:47 Horse Collar
15:45 Bow Saw
20:05 Wheelbarrow
19:39 Heavy Plow
22:34 Loom
23:12 Hand Cart
22:54 Gold Mining
24:27 Gold Shaft Mining
29:06 Imperial Age
26:23 Town Watch
27:19 Scale Barding Armor
27:24 Forging
27:29 Light Cavalry
28:20 Bloodlines
28:13 Husbandry
8316699
5:30 Double-Bit Axe
7:55 Horse Collar
10:48 Feudal Age
14:37 Castle Age
13:34 Bow Saw
18:32 Heavy Plow
21:37 Gold Mining
23:41 Wheelbarrow
24:03 Gold Shaft Mining
23:35 Husbandry
23:39 Cavalier
25:41 Scale Barding Armor
25:47 Forging
25:55 Hand Cart
25:32 Stone Mining
26:45 Chain Barding Armor
29:14 Two-Man Saw
noob9527
1:28 Loom
10:58 Feudal Age
15:50 Castle Age
15:02 Double-Bit Axe
19:40 Bow Saw
20:37 Horse Collar
21:16 Fervor
27:00 Wagenburg Tactics
29:04 Wheelbarrow
[UNZ] SmellyCoder70
0:45 Loom
12:22 Feudal Age
15:17 Wheelbarrow
17:43 Castle Age
15:38 Horse Collar
15:56 Double-Bit Axe
23:40 Imperial Age
23:06 Bow Saw
23:04 Heavy Plow
25:43 Hand Cart
xXTOUROXx
0:28 Loom
13:56 Feudal Age
21:19 Castle Age
19:25 Stone Mining
19:28 Gold Mining
19:27 Double-Bit Axe
22:37 Town Watch
24:30 Fletching
25:39 Bodkin Arrow
Ween
10:48 Feudal Age
14:08 Wheelbarrow
13:25 Double-Bit Axe
16:09 Castle Age
17:37 Bow Saw
19:20 Horse Collar
20:35 Heavy Plow
Krösa Maja
0:47 Loom
13:00 Feudal Age
17:33 Castle Age
15:30 Horse Collar
16:13 Double-Bit Axe
19:02 Bow Saw
22:08 Fishing Lines
23:06 Gold Mining
23:21 Gillnets
23:44 Stone Mining
24:00 Heavy Plow
24:41 Fletching
25:26 Grand Trunk Road
26:21 Wheelbarrow
26:10 Scale Mail Armor
26:18 Squires
27:00 Forging
Generation Kill
4:33 Loom
12:20 Feudal Age
18:26 Castle Age
16:39 Double-Bit Axe
17:24 Fishing Lines
19:22 Bow Saw
22:38 Gold Mining
23:02 Gillnets
24:07 Stone Mining
24:53 Gold Shaft Mining
25:40 Wheelbarrow
29:31 Imperial Age
27:14 Scale Mail Armor
Connection lost

Rejoining the realm…

Still unreachable

The connection could not be restored.

Session expired

The server has moved on; the page needs a fresh start.